 Dungeon Crawl Stone Soup version 0.21.0-24-g2553a33 (webtiles) character file.

98 Monsterracer the Slasher (level 4, -1/27 HPs)
             Began as a Deep Elf Monk on Jan 20, 2018.
             Killed by divine providence
             ... invoked by an orc priest
              (10 damage)
             ... on level 2 of the Dungeon.
             The game lasted 00:02:44 (2774 turns).

Monsterracer the Slasher (Deep Elf Monk)            Turns: 2774, Time: 00:02:44

Health: -1/27      AC:  6    Str:  9    XL:     4   Next: 43%
Magic:  6/6        EV: 14    Int: 15    God:
Gold:   52         SH:  0    Dex: 19    Spells: 3/3 levels left

rFire    + . .     SeeInvis .   a - +0 falchion
rCold    . . .     Gourm    .   (no shield)
rNeg     + . .     Faith    .   l - +0 leather armour
rPois    .         Spirit   .   k - +2 hat
rElec    .         Reflect  .   (no cloak)
rCorr    .         Harm     .   (no gloves)
MR       .....                  i - +0 pair of boots
Stlth    +.........             (no amulet)
HPRegen  0.09/turn              o - ring of loudness (curse)
MPRegen  0.10/turn              s - ring of positive energy {!d}

@: no status effects
A: talons 1, agile 1, fire resistance 1
a: no special abilities


You were on level 2 of the Dungeon.
You were hungry.

You visited 1 branch of the dungeon, and saw 3 of its levels.

You collected 52 gold pieces.

Inventory:

Hand Weapons
 a - a +0 falchion (weapon)
Armour
 i - a +0 pair of boots (worn)
 k - a +2 hat (worn)
 l - a +0 leather armour (worn)
Jewellery
 m - an uncursed ring of flight
 n - an uncursed ring of stealth
 o - a cursed ring of loudness (left hand)
 r - an uncursed amulet of the gourmand {unknown}
 s - a ring of positive energy (right hand) {!d}
Scrolls
 b - a scroll of enchant weapon {unknown}
 d - 3 scrolls of identify {unknown}
 f - a scroll of amnesia {unknown}
 g - 3 scrolls of teleportation {unknown}
 j - 2 scrolls of remove curse {unknown}
 p - a scroll of fog {unknown}
Potions
 q - a potion of mutation {!q}
Comestibles
 c - 6 rations


   Skills:
 + Level 2.7 Fighting
 * Level 4.3 Long Blades
 + Level 4.1 Dodging
 - Level 2.4 Stealth


You had 3 spell levels left.
You didn't know any spells.

Dungeon Overview and Level Annotations

Branches:
Dungeon (3/15)

Altars:

Annotations:
D:2 Natasha, Sigmund


Innate Abilities, Weirdness & Mutations

You have sharp toenails.
You are agile. (Dex +2)
Your flesh is heat resistant. (rF+)


Message History

You climb downwards.
An orc, an orc priest, an orc wizard and a dart slug come into view.
The orc shouts!
The orc wizard shouts!
The orc priest shouts!
The orc barely misses you.
You riposte.
You hit the orc but do no damage. The orc wizard hits you with a dagger.
The orc priest hits you with a war axe.
Found a ration.
There is a stone staircase leading up, spattered with blood here.
You take 8 damage, and have 19/27 hp.
MASSIVE DAMAGE!!
The orc wizard barely misses you.
You riposte.
You closely miss the orc wizard. The orc barely misses you.
You riposte.
You hit the orc.
The orc is lightly wounded.
The orc priest mumbles some strange prayers to Beogh against you.
Pain shoots through your body!
You climb upwards.
Level annotation: Natasha, Sigmund
There is a stone staircase leading down here.
You take 4 damage, and have 15/27 hp.
It was a potion of curing.
You feel better.
The orc wizard hits you but does no damage.
The orc priest barely misses you. The orc hits you but does no damage.
You regained 8 hp, and now have 23/27 hp.
The orc wizard points at you and mumbles some strange words.
The puff of flame hits you! The orc priest closely misses you.
You riposte.
You barely miss the orc priest.
You take 5 damage, and have 18/27 hp.
You barely miss the orc priest. The orc hits you but does no damage.
The orc priest hits you but does no damage.
You barely miss the orc wizard. You hit the orc.
The orc is moderately wounded.
The orc priest calls down the wrath of Beogh upon you.
Beogh smites you!
Ouch! That really hurt!
* * * LOW HITPOINT WARNING * * *
The orc closely misses you.
You riposte.
You hit the orc.
The orc is heavily wounded.
The orc wizard mumbles some strange words.
The orc wizard seems to speed up.
You take 16 damage, and have 2/27 hp.
MASSIVE DAMAGE!!
You feel better.
You regained 11 hp, and now have 13/27 hp.
It was a potion of mutation.
You feel extremely strange.
You feel resistant to heat.
Your toenails lengthen and sharpen.
You feel agile.
The orc wizard looks satisfied for a moment.
The orc barely misses you.
It was a potion of cancellation.
You feel magically purged. The orc hits you with a flail.
* * * LOW HITPOINT WARNING * * *
You take 3 damage, and have 10/27 hp.
You hit the orc.
You kill the orc!
The orc wizard hits you with a dagger.
* * * LOW HITPOINT WARNING * * *
You feel better. The orc wizard casts a spell at you.
The puff of frost hits you!
You regained 7 hp, and now have 17/27 hp.
You hit the orc wizard but do no damage.
The orc wizard hits you with a dagger. The orc wizard completely misses you.
You take 2 damage, and have 15/27 hp.
You completely miss the orc wizard. The orc wizard barely misses you.
Your leather armour prevents you from hitting the orc wizard.
The orc wizard hits you with a dagger. The orc wizard closely misses you.
You riposte.
You hit the orc wizard.
The orc wizard is lightly wounded.
You take 1 damage, and have 14/27 hp.
Unknown command.
You hit the orc wizard.
The orc wizard is moderately wounded.
The orc wizard closely misses you.
The orc wizard gestures at you while chanting.
The puff of flame hits you! You resist.
* * * LOW HITPOINT WARNING * * *
You take 6 damage, and have 8/27 hp.
MASSIVE DAMAGE!!
You hit the orc wizard.
The orc wizard is severely wounded.
The orc wizard completely misses you.
You hit the orc wizard.
The orc wizard is almost dead.
The orc wizard hits you but does no damage.
The orc wizard casts a cantrip, but nothing happens.
Unknown command.
You hit the orc wizard.
You kill the orc wizard!
Your Dodging skill increases to level 4!
The orc priest looks satisfied for a moment.
Unknown command.
The orc priest barely misses you.
You riposte.
You hit the orc priest.
The orc priest is lightly wounded.
Items here: )) [ † a dagger; a robe; a flail; an orc corpse You barely miss the orc priest.
The orc priest is lightly wounded.
The orc priest barely misses you.
Unknown command.
You closely miss the orc priest.
The orc priest is lightly wounded.
The orc priest invokes the aid of Beogh against you.
Beogh smites you!
You die...

...#########.....>.#
##.###############.#
#.................#
################..#
####........#
#......###..# #.##.#.#
#..#
#.#.###..#########
#.#...@o.........#
########
#.#####..#.#####.#
........ #.#.###..#.#
#.# ########
#..#.....#.# #.# #
###.######.# #.# #
##### #.# #.# #.#
#####...#####.######.#
#.#
......#.##.....).....#
#.#
##............#####..#
##.##


You could see an orc priest.

Vanquished Creatures
  An orc wizard (D:2)
  Natasha (D:2)
  A worm (D:2)
  A dart slug (D:1)
  2 leopard geckos
  An orc (D:2)
  4 bats (D:1)
  4 giant cockroaches
  3 goblins (D:1)
  4 hobgoblins
  9 kobolds
  A frilled lizard (D:1)
  5 rats
37 creatures vanquished.

Vanquished Creatures (others)
  4 toadstools (D:1)
4 creatures vanquished.

Grand Total: 41 creatures vanquished

Notes
Turn   | Place    | Note
-------+----------+-------------------------------------------
     0 | D:1      | Monsterracer the Deep Elf Monk began the quest for the Orb.
     0 | D:1      | Reached XP level 1. HP: 13/13 MP: 3/3
   286 | D:1      | Reached XP level 2. HP: 18/18 MP: 4/4
  1142 | D:1      | Reached XP level 3. HP: 15/22 MP: 5/5
  1498 | D:2      | Noticed Sigmund
  1726 | D:2      | Noticed Natasha
  1729 | D:2      | HP: 7/22 [Natasha/magic dart (9)]
  1948 | D:2      | Killed Natasha
  2178 | D:2      | HP: 6/22 [worm (9)]
  2181 | D:2      | Reached XP level 4. HP: 8/27 MP: 6/6
  2352 | D:2      | HP: 7/27 [Sigmund/magic dart (8)]
  2625 | D:2      | Noticed Natasha
  2759 | D:2      | HP: 2/27 [orc priest/divine providence (16)]
  2761 | D:2      | Gained mutation: Your flesh is heat resistant. (rF+) [potion of mutation]
  2761 | D:2      | Gained mutation: You have sharp toenails. [potion of mutation]
  2761 | D:2      | Gained mutation: You are agile. (Dex +2) [potion of mutation]
  2768 | D:2      | HP: 8/27 [orc wizard/puff of flame (6)]
  2774 | D:2      | Killed from afar by an orc priest

Skill      XL: |  1  2  3  4 |
---------------+-------------+-----
Long Blades    | 3 4 |  4.3
Dodging        | 4 |  4.1
Fighting       | |  2.7
Stealth        | |  2.4

Action                   |  1- 3 |  4- 6 || total
-------------------------+-------+-------++-------
Melee: Falchion          |   119 |    13 ||   132
  Use: Potion            |       |     5 ||     5
 Stab: Sleeping          |     4 |       ||     4
  Eat: Chunk             |     4 |     1 ||     5
Armor: Robe              |    11 |       ||    11
       Leather armour    |    12 |     4 ||    16
Dodge: Dodged            |    79 |    15 ||    94
       Rpst.: Falchion   |    24 |     7 ||    31

Vault maps used:
D:1:      ldierk_walled_garden_2
D:2:      lemuel_round_altar, uniq_natasha, uniq_sigmund,
          uniq_crazy_yiuf_cottage
D:3:      tso_metal_star, dancing_weapons_uskayaw,
          lemuel_coloured_pillars_altar, nicolae_overflow_hidden_temple,
          first_ration, uniq_jessica
